 Dungeon Crawl Stone Soup version 0.29-a0-241-g20d21d4356 (webtiles) character file.

Game seed: 1194441478161265196

11 Ordine the Cudgeller (level 2, 0/17 HPs)
             Began as a Tengu Warper on Mar 4, 2022.
             Slain by a quokka (3 damage)
             ... on level 1 of the Dungeon.
             The game lasted 00:01:35 (498 turns).

Ordine the Cudgeller (Tengu Warper)                  Turns: 498, Time: 00:01:36

Health: 0/17       AC:  3    Str: 11    XL:     2   Next: 25%
Magic:  6/6        EV: 11    Int: 13    God:
Gold:   36         SH:  0    Dex: 13    Spells: 5/5 levels left

rFire   . . .      SeeInvis .   f - +0 morningstar
rCold   . . .      Faith    .   (no shield)
rNeg    . . .      Spirit   .   b - +0 leather armour
rPois   .          Reflect  .   (helmet restricted)
rElec   .          Harm     .   (no cloak)
rCorr   .          Rampage  .   (no gloves)
Will    .....                   (boots unavailable)
Stlth   +.........              (no amulet)
HPRegen 0.05/turn               (no ring)
MPRegen 0.10/turn               (no ring)

@: no status effects
A: beak, talons 3
a: no special abilities


You were on level 1 of the Dungeon.
You visited 1 branch of the dungeon, and saw 1 of its levels.

You collected 36 gold pieces.

Inventory:

Hand Weapons
 f - a +0 morningstar (weapon)
Missiles
 d - 5 boomerangs of dispersal
Armour
 b - a +0 leather armour (worn)
Scrolls
 c - a scroll of blinking
 e - a scroll of identify {unknown}


   Skills:
 + Level 2.2 Fighting
 * Level 2.7 Maces & Flails
 + Level 1.3 Throwing
 - Level 1.1 Armour
 - Level 2.1 Dodging
 - Level 2.0 Spellcasting
 - Level 2.4 Translocations


You had 5 spell levels left.
You didn't know any spells.
Your spell library contained the following spells:

 Spells                   Type           Power      Damage    Failure   Level
 Blink                    Tloc           14%        N/A       19%         2
 Gell's Gravitas          Tloc           7%         N/A       36%         3
 Lesser Beckoning         Tloc           7%         N/A       36%         3
 Teleport Other           Tloc           7%         N/A       36%         3
 Corpse Rot               Necr/Air       2%         N/A       45%         2
 Dispel Undead            Necr           1%         3d6       97%         4
 Manifold Assault         Tloc           7%         N/A       98%         5
 Death Channel            Necr           0%         N/A       100%        6


Dungeon Overview and Level Annotations

Branches:
Dungeon (1/15)

Altars:


Innate Abilities, Weirdness & Mutations

You have a beak for a mouth.
You have claws for feet.


Message History

You drop a +0 mace.
Setting a skill training target for Maces & Flails at 16.0.
You see here a +0 trident.
You open the door.
A hobgoblin comes into view.
The hobgoblin shouts!
The hobgoblin hits you.
You puncture the hobgoblin!
You kill the hobgoblin!
No target in view!
No target in view!
You see here a hobgoblin corpse.
A quokka comes into view.
Found 10 gold pieces.
You miss the quokka. Your kick misses the quokka. The quokka misses you.
The quokka bites you.
You miss the quokka. Your kick misses the quokka. The quokka bites you.
You miss the quokka. The quokka barely misses you.
The quokka closely misses you.
You barely miss the quokka. You peck the quokka, but do no damage.
The quokka bites you. The quokka closely misses you.
You hit the quokka. Your kick misses the quokka.
The quokka is almost dead.
The quokka bites you.
You closely miss the quokka. Your kick misses the quokka.
The quokka is almost dead.
The quokka bites you. x2
* * * LOW HITPOINT WARNING * * *
You are too injured to fight recklessly!
You are too injured to fight recklessly!
You miss the quokka. Your kick misses the quokka.
The quokka is almost dead.
The quokka barely misses you. The quokka misses you.
You closely miss the quokka.
The quokka is almost dead.
The quokka closely misses you.
You closely miss the quokka.
The quokka is almost dead.
The quokka bites you.
You die...

.##### .....# .....#
.$...## ....... ####
......#
...#####......#
#..#..@r.....#
#.#.######..# #...#
#....# ##..# #....#
#..####....#
##†.....#..#
######..###.#..######.
+............†........
#######..##.##..######


You could see a quokka.

Vanquished Creatures
  A ball python (D:1)
  2 bats (D:1)
  An endoplasm (D:1)
  A goblin (D:1)
  A hobgoblin (D:1)
  A kobold (D:1)
  A frilled lizard (D:1)
  A rat (D:1)
9 creatures vanquished.

Notes
Turn   | Place    | Note
-------+----------+-------------------------------------------
     0 | D:1      | Ordine the Tengu Warper began the quest for the Orb.
     0 | D:1      | Reached XP level 1. HP: 12/12 MP: 4/4
   313 | D:1      | Reached XP level 2. HP: 16/17 MP: 6/6
   387 | D:1      | Found a faded altar of an unknown god.
   498 | D:1      | Slain by a quokka

Illustrated notes

Levels and vault maps discovered:
D:1:      ncdulo_smallfort, layout_basic, shapermc_ecumenical_altar_acropolis,
          serial_glass, glass_columns_a, glass_columns_a

Action                   || total
-------------------------++-------
Melee: Mace              ||    19
       Peck              ||     5
       Kick              ||     3
       Morningstar       ||    10
Armor: Leather armour    ||     6
Dodge: Dodged            ||    28

Table legend: (Time is in decaauts)
 A = Elapsed time spent in this place.
 B = Non-inter-level travel time spent in this place.
 C = Inter-level travel time spent in this place.
 D = Time resting spent in this place.
 E = Time spent auto-exploring this place.
 F = Levels seen in this place.
 G = Mean time per level.
                   A        B        C        D        E       F      G
               +--------+--------+--------+--------+--------+-----+--------+
         Total |    506 |    506 |      0 |      0 |    416 |   1 |  506.0 |
       Dungeon |    506 |    506 |      0 |      0 |    416 |   1 |  506.0 |
               +--------+--------+--------+--------+--------+-----+--------+

Top non-repeatable levels by time:
     D:1: 506 daAuts
